 Dungeon Crawl Stone Soup version 0.27-a0-320-g81d27af2d4 (webtiles) character file.

Game seed: 12142539113302052976

56510 HoaS the Cruncher (level 14, -1/92 HPs)
             Began as a Gargoyle Gladiator on Feb 10, 2021.
             Was the Champion of Okawaru.
             Splashed by an oklob plant's acid (13 damage)
             ... on level 6 of the Lair of Beasts.
             The game lasted 00:51:08 (18872 turns).

HoaS the Cruncher (Gargoyle Gladiator)             Turns: 18872, Time: 00:51:09

Health: -1/92      AC: 20    Str: 20    XL:     14   Next: 82%
Magic:  20/20      EV: 19    Int: 10    God:    Okawaru [******]
Gold:   1407       SH:  5    Dex: 22    Spells: 13/13 levels left

rFire    . . .     SeeInvis .   q - +4 longbow (freeze)
rCold    . . .     Faith    .   (shield currently unavailable)
rNeg     + . .     Spirit   .   b - +1 steam dragon scales
rPois    ∞         Reflect  +   z - +2 helmet
rElec    +         Harm     .   k - +2 cloak {Will+}
rCorr    .         Rampage  .   m - +2 pair of gloves {Dex+3}
Will     +++..                  a - +2 pair of boots
Stlth    ++........             p - amulet of reflection
HPRegen  0.25/turn              h - +6 ring of dexterity
MPRegen  0.17/turn              s - ring of willpower

@: corroded, flying
A: big wings, negative energy resistance 1, electricity resistance, unbreathing,
petrification resistance, miasma immunity, AC +10
a: Stop Flying, Renounce Religion, Heroism, Finesse


You were on level 6 of the Lair of Beasts.
You worshipped Okawaru.
Okawaru was exalted by your worship.
You visited 3 branches of the dungeon, and saw 18 of its levels.
You also visited: Ossuary and Ice Cave.

You collected 1673 gold pieces.
You spent 266 gold pieces at shops.

Inventory:

Hand Weapons
 e - the +8 quarterstaff of Inference {speed, rElec rC+ Will+}
   (You bought it in a shop on level 5 of the Dungeon)

   Attacks with this weapon are significantly faster.
   It protects you from cold.
   It insulates you from electricity.
   It affects your willpower, your defense against some magical effects.
 q - a +4 longbow of freezing (weapon)
 w - a +2 vampiric lajatang
Missiles
 d - 5 throwing nets
 i - 266 arrows (quivered ammo)
Armour
 a - a +2 pair of boots (worn)
 b - +1 steam dragon scales (worn)
 k - a +2 cloak of willpower (worn)
 m - a +2 pair of gloves of dexterity (worn)
 z - a +2 helmet (worn)
Jewellery
 h - a +6 ring of dexterity (left hand)
 l - a ring of positive energy
 n - a ring of protection from fire
 p - an amulet of reflection (around neck)
 s - a ring of willpower (right hand)
 F - a ring of see invisible
 G - a ring of protection from cold
 H - a ring of protection from cold
Wands
 u - a wand of digging (12)
Scrolls
 v - 3 scrolls of fog
 x - 5 scrolls of teleportation
 y - a scroll of blinking
 D - a scroll of magic mapping
 E - a scroll of fear
Potions
 c - 2 potions of resistance {unknown}
 f - 5 potions of magic {unknown}
 g - 9 potions of flight
 j - 2 potions of ambrosia {unknown}
 o - 5 potions of curing
 r - 6 potions of berserk rage
 t - 8 potions of lignification
 A - 3 potions of haste {unknown}
 B - a potion of attraction {unknown}
 C - a potion of mutation {unknown}
 I - 3 potions of cancellation {unknown}


   Skills:
 * Level 12.7 Fighting
 - Level 14.0 Staves
 * Level 11.4 Bows
 - Level 1.7 Throwing
 + Level 9.1 Armour
 + Level 7.5 Dodging
 + Level 8.8 Invocations


You had 13 spell levels left.
You didn't know any spells.
Your spell library contained the following spells:

 Spells                   Type           Power        Failure   Level
 Magic Dart               Conj           0%           36%         1
 Sandblast                Erth           0%           36%         1
 Blink                    Tloc           N/A          50%         2
 Call Imp                 Summ           0%           50%         2
 Passwall                 Tmut/Erth      0%           50%         2
 Poisonous Vapours        Pois/Air       0%           50%         2
 Searing Ray              Conj           0%           50%         2
 Slow                     Hex            0%           50%         2
 Confusing Touch          Hex            0%           75%         3
 Conjure Flame            Conj/Fire      0%           75%         3
 Dazzling Flash           Conj/Hex       0%           75%         3
 Gell's Gravitas          Tloc           0%           75%         3
 Mephitic Cloud           Conj/Pois/Air  0%           75%         3
 Stone Arrow              Conj/Erth      0%           75%         3
 Fulminant Prism          Conj/Hex       0%           98%         4
 Iskenderun's Mystic Bla  Conj/Tloc      0%           98%         4
 Petrify                  Tmut/Erth      0%           98%         4
 Lee's Rapid Deconstruct  Erth           0%           100%        5
 Metabolic Englaciation   Hex/Ice        0%           100%        5
 Summon Forest            Summ/Tloc      0%           100%        5
 Summon Mana Viper        Hex/Summ       0%           100%        5
 Yara's Violent Unravell  Hex/Tmut       0%           100%        5
 Freezing Cloud           Conj/Ice/Air   0%           100%        6
 Shadow Creatures         Summ           N/A          100%        6
 Summon Hydra             Summ           0%           100%        7


Dungeon Overview and Level Annotations

Branches:
Dungeon (11/15)            Temple (1/1) D:4            Lair (6/6) D:11
 Shoals (0/4) Lair:4       Spider (0/4) Lair:3        Slime (0/5) Lair:6
    Orc (0/2) D:9         Ossuary (visited)           IceCv (visited)

Altars:
Ashenzari
Cheibriados
Dithmenos
Elyvilon
Fedhas
Hepliaklqana
Kikubaaqudgha
Makhleb
Nemelex Xobeh
Okawaru
Qazlal
Ru
Sif Muna
Trog
Uskayaw
Vehumet
Wu Jian
Xom
Zin
The Shining One

Shops:
D:5 (   D:9 *!(?*

Annotations:
D:11 1 runed translucent door, Borgoz's ghost, journeyman GrGl
Lair:2 exclusion: 3 oklob plants
Lair:6 exclusion: oklob plant


Innate Abilities, Weirdness & Mutations

You are resistant to torment.
Your stone body is resilient. (AC +10)
You are immune to poison.
Your large and strong wings let you fly indefinitely.
You resist negative energy. (rN+)
You are resistant to electric shocks. (rElec)
You can survive without breathing.
You are immune to petrification.
You are immune to miasma.


Message History

The oklob plant spits acid at you. The splash of acid hits you!
You are splashed with acid!
You shoot an arrow. The arrow hits the oklob plant!
The arrow freezes the oklob plant.
The oklob plant is heavily damaged.
You shoot an arrow. The arrow hits the oklob plant.
The arrow freezes the oklob plant.
The oklob plant is heavily damaged.
The oklob plant spits acid at you.
The splash of acid hits you but does no damage.
The acid corrodes you!
You are splashed with acid!
You are too injured to fight recklessly!
You are too injured to fight recklessly!
You are too injured to fight recklessly!
You are too injured to fight recklessly!
Fire: 268 arrows
Press: ? - help, Q - select action, (/) - cycle Shift-Dir - straight line, f/p - oklob plant
Aim: an oklob plant (heavily damaged, 98% to hit)
You shoot an arrow. The arrow hits the oklob plant!
The arrow freezes the oklob plant.
The oklob plant is severely damaged.
The oklob plant spits acid at you.
The splash of acid hits you but does no damage.
You are splashed with acid!
Fire: 267 arrows
Press: ? - help, Q - select action, (/) - cycle Shift-Dir - straight line, f/p - oklob plant
Aim: an oklob plant (severely damaged, 98% to hit)
You shoot an arrow.
The arrow hits the oklob plant but does no damage.
The oklob plant is severely damaged.
The oklob plant spits acid at you.
The splash of acid hits you but does no damage.
You are splashed with acid!
* * * LOW HITPOINT WARNING * * *
2 yaks and a cane toad come into view.
The oklob plant spits acid at you. The splash of acid hits you!
* * * LOW HITPOINT WARNING * * *
The acid corrodes you!
You are splashed with acid!
You die...

....... .......
.P.P...P........
PP.P......P(...##
.............>.....
....P.............# ...
...............(((#
...##.P...#.P..#......#
.#......P.....#.(.....#.
.#....#...P....#@.....F.
......#........#.......#
......................##
........#.#...##....P.#
......................#
.......††.#.............
.##...†<..P##..P........
#..P..PP.#..!P.......Y
##......##....##..#.


You could see an oklob plant, a yak (asleep) and a cane toad (wandering).

Vanquished Creatures
  A frost giant (IceCv)
  2 entropy weavers (Lair:5)
  7 hydras
  A queen ant (Lair:5)
  3 two-headed ogres
  2 death yaks (IceCv)
  Nergalle (Lair:1)
  Sonja (Lair:3)
  2 unseen horrors (D:11)
  Pikel (D:5)
  A cyclops (D:7)
  An oklob plant (Lair:6)
  A manticore (D:11)
  2 merfolk sirens (Lair:4)
  An ice statue (IceCv)
  8 elephants
  4 black mambas
  2 centaur skeletons
  A gargoyle (D:11)
  Maggie (Lair:1)
  3 rime drakes
  8 cane toads
  6 komodo dragons
  A troll (D:11)
  16 polar bears
  3 jumping spiders (Lair:3)
  18 blink frogs
  2 dream sheep (D:11)
  3 wraiths
  55 yaks
  5 redbacks (Lair:3)
  2 vampires
  2 basilisks
  8 wyverns
  A steam dragon (D:11)
  Edmund (D:6)
  10 water moccasins
  4 soldier ants (Lair:5)
  3 sky beasts
  3 necrophages
  4 ice beasts
  An eye of draining (D:11)
  8 orc warriors
  3 black bears
  34 wolves
  6 ogres
  A phantom (D:5)
  3 centaurs
  3 elf zombies
  6 kobold brigands
  A gnoll sergeant (D:7)
  16 bullfrogs
  2 scorpions
  8 wights
  6 killer bees
  6 howler monkeys
  2 centaur zombies
  2 bullfrog zombies
  A quasit (D:7)
  2 hounds (D:8)
  3 human zombies (D:7)
  2 orc priests
  3 jellies (D:11)
  3 bullfrog skeletons
  A human skeleton (D:7)
  An iguana (D:4)
  9 orc wizards
  23 worker ants
  3 hound zombies
  5 mummies
  16 gnolls
  9 adders
  3 shadow imps
  14 white imps
  3 ufetubi
  An ooze (D:4)
  An adder skeleton (D:5)
  2 adder zombies
  3 worms
  4 dart slugs
  5 leopard geckos
  39 orcs
  7 giant cockroaches
  7 goblins
  6 hobgoblins
  16 jackals
  20 kobolds
  3 quokkas
  10 bats
  5 frilled lizards
  A gnoll zombie (Ossuary)
  A goblin zombie (Ossuary)
  A hobgoblin zombie (Ossuary)
  4 jackal zombies (Ossuary)
  A kobold zombie (Ossuary)
  An orc zombie (D:7)
  13 rats
  A rat zombie (Ossuary)
562 creatures vanquished.

Vanquished Creatures (others)
  A polar bear (IceCv)
  3 wolves (IceCv)
  An orc wizard (D:3)
  38 fungi
  49 plants
92 creatures vanquished.

Grand Total: 654 creatures vanquished

Notes
Turn   | Place    | Note
-------+----------+-------------------------------------------
     0 | D:1      | HoaS the Gargoyle Gladiator began the quest for the Orb.
     0 | D:1      | Reached XP level 1. HP: 12/12 MP: 1/1
    47 | D:1      | Reached XP level 2. HP: 15/17 MP: 2/2
   597 | D:1      | Reached skill level 4 in Staves
   664 | D:1      | Reached XP level 3. HP: 21/21 MP: 3/3
  1472 | D:2      | Found a faded altar of an unknown god.
  1727 | D:3      | Reached XP level 4. HP: 26/26 MP: 4/4
  1798 | D:3      | Reached skill level 5 in Staves
  1895 | D:3      | Reached XP level 5. HP: 30/30 MP: 5/5
  2075 | D:3      | Reached skill level 6 in Staves
  2086 | D:3      | Found an iron altar of Okawaru.
  2086 | D:3      | Found a stormy altar of Qazlal.
  2166 | D:3      | Became a worshipper of Warmaster Okawaru
  2701 | D:3      | Reached skill level 1 in Invocations
  2701 | D:3      | Reached XP level 6. HP: 24/35 MP: 6/6
  2807 | D:3      | Found a shimmering blue altar of Sif Muna.
  3390 | D:4      | Found a staircase to the Ecumenical Temple.
  3396 | Temple   | Entered the Ecumenical Temple
  3634 | D:4      | Reached skill level 7 in Staves
  3861 | D:4      | Reached XP level 7. HP: 31/40 MP: 8/8
  4043 | D:5      | Entered Level 5 of the Dungeon
  4112 | D:5      | Found a sand-covered staircase.
  4117 | Ossuary  | Entered an ossuary
  4555 | Ossuary  | Reached skill level 8 in Staves
  4627 | D:5      | Found Nitueh's Antique Weapon Boutique.
  4644 | D:5      | Bought a transparent quarterstaff for 162 gold pieces
  4644 | D:5      | Identified the +8 quarterstaff of Inference {speed, rElec
                  | rC+ Will+} (You bought it in a shop on level 5 of the
                  | Dungeon)
  4686 | D:5      | Reached * piety under Okawaru
  4708 | D:5      | Reached skill level 9 in Staves
  4708 | D:5      | Reached XP level 8. HP: 34/44 MP: 9/9
  4721 | D:5      | Noticed Pikel
  4737 | D:5      | Killed Pikel
  4737 | D:5      | Reached ** piety under Okawaru
  4738 | D:5      | Reached skill level 10 in Staves
  5043 | D:5      | Found a sacrificial altar of Ru.
  5495 | D:6      | Noticed Edmund
  5503 | D:6      | Killed Edmund
  5504 | D:6      | Reached skill level 11 in Staves
  5504 | D:6      | Reached XP level 9. HP: 44/48 MP: 10/10
  6027 | D:7      | Reached skill level 12 in Staves
  6053 | D:7      | Reached *** piety under Okawaru
  6313 | D:7      | Noticed a cyclops
  6332 | D:7      | Killed a cyclops
  6680 | D:7      | Reached skill level 13 in Staves
  6855 | D:7      | Received a gift from Okawaru
  6866 | D:7      | Reached XP level 10. HP: 53/53 MP: 11/11
  6871 | D:7      | Reached skill level 1 in Bows
  7173 | D:7      | Reached **** piety under Okawaru
  7208 | D:7      | Found an ancient bone altar of Kikubaaqudgha.
  7712 | D:8      | Noticed a two-headed ogre
  7729 | D:8      | Killed a two-headed ogre
  7730 | D:8      | Reached skill level 14 in Staves
  7730 | D:8      | Reached skill level 1 in Armour
  8330 | D:9      | Found Yberchue's Distillery.
  8429 | D:9      | Found Hutivaoh's Assorted Antiques.
  8432 | D:9      | Bought a scroll of identify for 52 gold pieces
  8432 | D:9      | Bought a scroll of identify for 52 gold pieces
  8501 | D:9      | Found Hoqopp's Magic Scroll Shop.
  8713 | D:9      | Reached ***** piety under Okawaru
  8757 | D:9      | Found Zuxemeirgh's Assorted Antiques.
  8767 | D:9      | Reached skill level 5 in Fighting
  8785 | D:9      | Received a gift from Okawaru
  8925 | D:9      | Found Porexumm's Weapon Shop.
  8927 | D:9      | Found a staircase to the Orcish Mines.
  9043 | D:9      | Found an ornate altar of the Wu Jian Council.
  9198 | D:9      | Reached XP level 11. HP: 64/64 MP: 12/12
  9273 | D:10     | Entered Level 10 of the Dungeon
  9518 | D:10     | Noticed a two-headed ogre
  9531 | D:10     | Killed a two-headed ogre
  9783 | D:10     | Noticed a two-headed ogre
  9794 | D:10     | Killed a two-headed ogre
  9795 | D:10     | Reached skill level 5 in Bows
  9984 | D:10     | Found a shimmering blue altar of Sif Muna.
 10153 | D:11     | Noticed a four-headed hydra
 10165 | D:11     | Killed a four-headed hydra
 10165 | D:11     | Received a gift from Okawaru
 10252 | D:11     | Received a gift from Okawaru
 10255 | D:11     | Got a polished quarterstaff {god gift}
 10256 | D:11     | Identified the +7 quarterstaff "Meonaw" {elec, rPois rF+
                  | Int+2} (Okawaru gifted it to you on level 11 of the
                  | Dungeon)
 10293 | D:11     | Reached ****** piety under Okawaru
 10315 | D:11     | Found a staircase to the Lair.
 10331 | D:11     | Found a runed translucent door.
 10331 | D:11     | Found a shimmering altar of Xom.
 10331 | D:11     | Noticed Borgoz's ghost (journeyman GrGl)
 10331 | D:11     | Noticed a +1 war axe of chaos
 10406 | D:11     | Killed an unseen horror
 10729 | D:11     | Reached skill level 5 in Armour
 10729 | D:11     | Reached XP level 12. HP: 73/73 MP: 15/15
 10774 | D:11     | Received a gift from Okawaru
 11028 | D:11     | Reached skill level 5 in Invocations
 11051 | D:11     | Received a gift from Okawaru
 11073 | D:11     | Reached skill level 5 in Dodging
 11408 | D:11     | Noticed a two-headed hydra
 11424 | D:11     | Killed a two-headed hydra
 11496 | Lair:1   | Entered Level 1 of the Lair of Beasts
 11727 | Lair:1   | Noticed a six-headed hydra
 11755 | Lair:1   | Killed a six-headed hydra
 11821 | Lair:1   | Received a gift from Okawaru
 11843 | Lair:1   | Found a frozen archway.
 11936 | IceCv    | Entered an ice cave
 12856 | IceCv    | Reached XP level 13. HP: 74/82 MP: 17/17
 12921 | IceCv    | Reached skill level 10 in Fighting
 13091 | IceCv    | Noticed a frost giant
 13124 | IceCv    | Killed a frost giant
 13824 | Lair:1   | Noticed Maggie
 13833 | Lair:1   | Killed Maggie
 14219 | Lair:1   | Received a gift from Okawaru
 14233 | Lair:1   | Noticed Nergalle
 14254 | Lair:1   | Killed Nergalle
 14833 | Lair:2   | Received a gift from Okawaru
 15277 | Lair:3   | Reached skill level 10 in Bows
 15304 | Lair:3   | Received a gift from Okawaru
 15408 | Lair:3   | Received a gift from Okawaru
 15524 | Lair:3   | Found a hole to the Spider Nest.
 15553 | Lair:3   | Gained mutation: Your large and strong wings let you fly
                  | indefinitely. [Gargoyle growth]
 15553 | Lair:3   | Reached XP level 14. HP: 86/90 MP: 19/19
 15635 | Lair:3   | Noticed Sonja
 15669 | Lair:3   | Killed Sonja
 15968 | Lair:3   | Received a gift from Okawaru
 16835 | Lair:4   | Found a staircase to the Shoals.
 17596 | Lair:5   | Noticed an entropy weaver
 17597 | Lair:5   | Noticed an entropy weaver
 18078 | Lair:5   | Killed an entropy weaver
 18132 | Lair:5   | Killed an entropy weaver
 18178 | Lair:5   | Received a gift from Okawaru
 18748 | Lair:6   | Entered Level 6 of the Lair of Beasts
 18851 | Lair:6   | Found a staircase to the Slime Pits.
 18872 | Lair:6   | Splashed by an oklob plant's acid

Illustrated notes

Levels and vault maps discovered:
D:1:      minmay_arrival_glassed_features, layout_basic
D:2:      layout_basic, chequers_ecumenical_altar_lobes
D:3:      layout_basic, tgw_sif, gammafunk_temple_overflow_elements
D:4:      layout_layer_cave, minmay_temple_entry_hall,
          kennysheep_generic_room_15
D:5:      layout_loops_ring, nicolae_ru_the_path_less_chosen, enter_ossuary_2,
          serial_shops, nicolae_shop_overgrown_old_shop, uniq_pikel
D:6:      layout_loops_ring, uniq_edmund
D:7:      layout_loops_ring, lemuel_mausoleum_altar_kikubaaqudgha,
          kennysheep_potato
D:8:      layout_layer_cave
D:9:      layout_long_grid, nzn_wu_jian_council_hall, orc_david_3, serial_ice,
          serial_ice_b, serial_ice_c, serial_ice_a, serial_ice_e, serial_shops,
          nicolae_shop_statue_plus, shop_scrolls, shop, shop
D:10:     layout_cave_pods, basic_altar
D:11:     layout_roguey, grunt_lair_entry_orc_guard_hut, ebering_ghost_xom,
          hangedman_ranch [blue_anna_fruit_fields]
Temple:   nicolae_temple_x_marks_the_god
Lair:1:   layout_cave_pods, portal_ice_cave_entry_imps, grunt_megastairs_2,
          uniq_maggie, uniq_nergalle
Lair:2:   layout_misc_corridors, minmay_lair_oklob_chamber
Lair:3:   layout_loops_ring, nicolae_spider_entry_tight_spaces, uniq_sonja
Lair:4:   layout_regular_city, elwin_shoals_entry_rooms
Lair:5:   layout_cave_pods, minmay_another_anthill
Lair:6:   guppyfry_lair_end_dragon, layout_long_grid,
          hangedman_lair_tendril_chambers, minmay_slime_entry_oklob_open

Skill      XL: |  1  2  3  4  5  6  7  8  9 10 11 12 13 14 |
---------------+-------------------------------------------+-----
Staves         | 4 5 6 7 9 11 13 14 | 14.0
Invocations    | 1 2 4 6 7 8 |  8.8
Bows           | 3 6 8 10 11 | 11.4
Fighting       | 5 7 9 11 12 | 12.7
Armour         | 3 5 6 8 9 |  9.1
Dodging        | 3 4 5 6 7 |  7.5
Throwing       | |  1.7

Action                   |  1- 3 |  4- 6 |  7- 9 | 10-12 | 13-15 || total
-------------------------+-------+-------+-------+-------+-------++-------
Melee: Quarterstaff      |   134 |   207 |   315 |   849 |   391 ||  1896
       Lajatang          |       |       |       |       |   141 ||   141
 Fire: Shortbow          |       |       |       |    65 |       ||    65
       Longbow           |       |       |       |       |   286 ||   286
Throw: Boomerang         |       |    20 |       |       |       ||    20
       Dart              |       |     1 |       |       |       ||     1
       Throwing net      |       |       |     6 |     2 |       ||     8
       Javelin           |       |       |     1 |       |       ||     1
Invok: Heroism           |       |       |     1 |       |     1 ||     2
       Finesse           |       |       |       |       |     1 ||     1
 Abil: Fly               |       |       |       |       |     1 ||     1
Evoke: Wand              |       |       |       |     3 |       ||     3
  Use: Scroll            |     6 |     2 |    10 |    11 |    11 ||    40
       Potion            |       |       |       |       |     4 ||     4
 Stab: Held in net/web   |       |       |       |     1 |       ||     1
Armor: Leather armour    |    58 |    48 |       |       |       ||   106
       Chain mail        |       |    82 |   278 |    45 |       ||   405
       Plate armour      |       |       |       |   276 |    30 ||   306
       Steam dragon scal |       |       |       |       |   125 ||   125
Dodge: Dodged            |   107 |   106 |   177 |   145 |   256 ||   791
Block: Other             |       |       |       |    40 |    76 ||   116
       Reflection        |       |       |       |     3 |       ||     3

Table legend: (Time is in decaauts)
 A = Elapsed time spent in this place.
 B = Non-inter-level travel time spent in this place.
 C = Inter-level travel time spent in this place.
 D = Time resting spent in this place.
 E = Time spent auto-exploring this place.
 F = Levels seen in this place.
 G = Mean time per level.
                   A        B        C        D        E       F      G
               +--------+--------+--------+--------+--------+-----+--------+
         Total |  17905 |  17272 |    633 |   2606 |  11156 |  20 |  895.2 |
       Dungeon |  10525 |  10028 |    497 |   1261 |   6834 |  11 |  956.8 |
        Temple |     17 |     17 |      0 |      0 |      0 |   1 |   17.0 |
          Lair |   5339 |   5204 |    135 |    356 |   3766 |   6 |  889.8 |
       Ossuary |    462 |    462 |      0 |    254 |     95 |   1 |  462.0 |
      Ice Cave |   1560 |   1560 |      0 |    735 |    460 |   1 | 1560.0 |
               +--------+--------+--------+--------+--------+-----+--------+

Top non-repeatable levels by time:
   IceCv: 1560 daAuts
  Lair:5: 1398 daAuts
     D:3: 1260 daAuts
     D:7: 1245 daAuts
  Lair:1: 1213 daAuts
    D:11: 1212 daAuts
     D:8: 1041 daAuts
     D:4: 1040 daAuts
  Lair:3: 1024 daAuts
  Lair:4: 1009 daAuts
     D:1: 934 daAuts
     D:9: 870 daAuts
     D:2: 809 daAuts
    D:10: 777 daAuts
     D:5: 750 daAuts
